 Dungeon Crawl Stone Soup version 0.28.0-43-g3370ac3207 (webtiles) character file.

Game seed: 15150829516964238584

1920 Pemander the Thaumaturge (level 9, -1/114 HPs)
             Began as a Djinni Fire Elementalist on Apr 1, 2022.
             Was a Follower of Hepliaklqana.
             Slain by a killer bee (3 damage)
             ... on level 8 of the Dungeon.
             The game lasted 00:13:20 (9902 turns).

Pemander the Thaumaturge (Djinni Fire Elementalist) Turns: 9902, Time: 00:13:20

Health: -1/114     AC: 24    Str:  7    XL:     9   Next: 39%
Gold:   370        EV:  2    Int: 21    God:    Hepliaklqana [*.....] SH:  0 Dex: 14

rFire   . . .      SeeInvis .   q - staff of conjuration
rCold   . . .      Faith    .   (no shield)
rNeg    . . .      Spirit   .   (armour currently unavailable)
rPois   ∞          Reflect  .   (helmet currently unavailable)
rElec   .          Harm     .   (cloak currently unavailable)
rCorr   .          Rampage  .   (gloves currently unavailable)
Will    .....      NoTele   +   (boots unavailable)
Stlth   ..........              (no amulet)
HPRegen 0.29/turn               (no ring)
MPRegen 0.00/turn               (no ring)

@: berserking, tree-form, slowed, invisible
A: stationary, stasis, torment immunity, boosted hp, reduced essence, sickness
immunity, (fire resistance 2), (cold vulnerability 1), float, innate caster, HP
casting, extra vitality 1
a: Renounce Religion, Recall Ancestor, Ancestor Identity


You were on level 8 of the Dungeon.
You worshipped Hepliaklqana.
Hepliaklqana was aware of your devotion.
You were a tree.
You visited 2 branches of the dungeon, and saw 9 of its levels.

You collected 370 gold pieces.

Inventory:

Hand Weapons
 o - the +5 dagger of the Depths {vamp, rF++ Will+}
   (You found it on level 5 of the Dungeon)

   It occasionally heals its wielder for a portion of the damage dealt when it
   wounds a living foe.
   rF:        It greatly protects you from fire.
   Will:      It increases your willpower.
Armour
 a - a +0 pair of gloves (melded)
 d - a +1 cloak (melded)
 f - a +1 robe (melded)
Magical Staves
 q - a staff of conjuration (weapon)
Scrolls
 e - a scroll of identify
 p - 2 scrolls of brand weapon
Potions
 b - a potion of haste
 g - a potion of berserk rage
 m - 2 potions of attraction


   Skills:
 + Level 1.2 Fighting
 + Level 3.1 Dodging
 - Level 2.0 Stealth
 - Level 9.1 Spellcasting


You had 5 spell levels left.
You knew the following spells:

 Your Spells              Type           Power      Damage    Failure   Level
a - Foxfire               Conj/Fire      100%       2x1d9     1%          1
b - Scorch                Fire           94%        2d10      1%          2
c - Conjure Flame         Conj/Fire      64%        6-21      1%          3
d - Inner Flame           Hex/Fire       47%        N/A       1%          3
e - Flame Wave            Conj/Fire      64%        2d12      1%          4
f - Slow                  Hex            100%       N/A       1%          1
g - Passwall              Tmut/Erth      39%        N/A       1%          2
h - Blink                 Tloc           94%        N/A       1%          2
i - Tukima's Dance        Hex            47%        N/A       1%          3
Your spell library was empty.

Dungeon Overview and Level Annotations

Branches:
Dungeon (8/15)             Temple (1/1) D:5            Lair (0/6) D:8

Altars:
Cheibriados
Dithmenos
Fedhas
Hepliaklqana
Kikubaaqudgha
Makhleb
Ru
Trog
Wu Jian
Yredelemnul

Shops:
D:2 *   D:8 [

Annotations:
D:5 4 runed translucent doors, boopmooplesden's ghost, novice MiFi


Innate Abilities, Weirdness & Mutations

You are a tree.
Your roots penetrate the ground, keeping you stationary.
You cannot be teleported.
You are immune to unholy pain and torment.
Your maximum health is greatly increased.
Your equipment is partially melded.
Your life essence is reduced to manifest your ancestor. (-10% HP)
You are immune to sickness and miasma.
You are immune to poison.
((Your flesh is very heat resistant. (rF++)))
((You are vulnerable to cold. (rC-)))
You float through the air rather than walking.
You learn spells naturally, not from books.
Your magical power is your life essence.
You have superior vitality. (+4 MHP)


Message History

* * * LOW HITPOINT WARNING * * *
The wraith drains your vigour!
You feel yourself slow down.
The orc warrior hits you but does no damage.
The orc wizard hits you but does no damage.
Okay, then.
As you read the scroll labelled JUEMECSAQI, it crumbles to dust.
You feel a surge of unholy energy.
The orc warrior convulses!
The orc wizard convulses!
The orc convulses!
The killer bee convulses! x4
The killer bee buzzes angrily.
The killer bee convulses!
The killer bee buzzes angrily.
It was a scroll of torment.
The killer bee stings you but does no damage. x2
The wraith hits you.
* * * LOW HITPOINT WARNING * * *
The orc warrior hits you with a +0 mace.
* * * LOW HITPOINT WARNING * * *
The orc wizard barely misses you. The killer bee completely misses you.
The killer bee stings you but does no damage.
The wraith barely misses you.
You fade into invisibility!
Sextus emerges from the mists of memory!
The killer bee stings you but does no damage. x4
The orc warrior hits you but does no damage.
The orc wizard gestures wildly while chanting.
The orc wizard flickers and vanishes!
The wraith hits you but does no damage. The killer bee stings you!
* * * LOW HITPOINT WARNING * * *
The killer bee stings you.
* * * LOW HITPOINT WARNING * * *
The killer bee stings Sextus.
The orc warrior hits you but does no damage.
Something hits you but does no damage.
Okay, then.
Casting: Foxfire (safe; 1% risk of failure)
Confirm with . or Enter, or press ? or * to list all spells.
You don't have enough health to cast this spell.
A red film seems to cover your vision as you go berserk!
You feel yourself moving faster!
You feel mighty! The killer bee stings you.
You die...

..........# #)......†#
###.##....# #.≈≈≈....# ##
#.##....####).≈≈)...#
.###.............≈≈....##
..#####..........≈......#
..# #...>....[........#
o.# #........#yy......#
..##############yyy.....#
......# #♣oR.....#
.####.# #{W......# .#
#.##########o≈≈.....# ##
#..W...{...'........#
############........#
########## ##########
........)# .[.......#


You could see the friendly Sextus the ancestor, a wraith, an orc warrior, 5
killer bees and an orc.

Vanquished Creatures
  Sigmund (D:6)
  A water moccasin (D:8)
  A sky beast (D:6)
  An orc warrior (D:5)
  A black bear (D:5)
  An ice beast (D:7)
  3 ogres
  A kobold brigand (D:5)
  3 scorpions
  A water moccasin skeleton (D:6)
  2 howler monkeys (D:6)
  A bullfrog zombie (D:6)
  A centaur zombie (D:5)
  4 orc priests
  3 hounds
  A jelly (D:5)
  5 iguanas
  3 scorpion zombies
  An orc wizard (D:8)
  4 adders
  A white imp (D:8)
  An ufetubus (D:6)
  A worm (D:3)
  4 dart slugs
  19 orcs
  3 ball pythons
  6 endoplasms
  A giant cockroach (D:2)
  5 goblins
  9 hobgoblins
  8 jackals (D:3)
  3 quokkas
  6 bats
  4 kobolds
  6 rats
116 creatures vanquished.

Vanquished Creatures (others)
  An ancestor (D:8)
  421 foxfires
422 creatures vanquished.

Grand Total: 538 creatures vanquished

Notes
Turn   | Place    | Note
-------+----------+-------------------------------------------
     0 | D:1      | Pemander the Djinni Fire Elementalist began the quest for
                  | the Orb.
     0 | D:1      | Reached XP level 1. HP: 15/15 MP: 0/0
   449 | D:1      | Reached XP level 2. HP: 14/21 MP: 0/0
  1104 | D:1      | Reached XP level 3. HP: 17/25 MP: 0/0
  1104 | D:1      | Learned a level 1 spell: Slow
  1803 | D:2      | Reached skill level 3 in Spellcasting
  1897 | D:2      | Found Binwuk's Assorted Antiques.
  2186 | D:2      | Found a faded altar of an unknown god.
  2411 | D:2      | Reached XP level 4. HP: 24/31 MP: 0/0
  3025 | D:3      | Found a basalt altar of Yredelemnul.
  3159 | D:3      | Found a burning altar of Makhleb.
  3404 | D:3      | Reached XP level 5. HP: 21/35 MP: 0/0
  3404 | D:3      | Learned a level 2 spell: Passwall
  4097 | D:3      | Reached skill level 4 in Spellcasting
  4403 | D:4      | Reached XP level 6. HP: 32/40 MP: 0/0
  4594 | D:4      | Reached skill level 5 in Spellcasting
  4996 | D:4      | Found a shadowy altar of Dithmenos.
  5134 | D:5      | Entered Level 5 of the Dungeon
  5482 | D:5      | Noticed a black bear
  5510 | D:5      | Killed a black bear
  5511 | D:5      | Reached XP level 7. HP: 25/45 MP: 0/0
  5511 | D:5      | Learned a level 2 spell: Blink
  5680 | D:5      | Found a transporter.
  5797 | D:5      | Found a large runed translucent door.
  5799 | D:5      | Found a large runed translucent door.
  5828 | D:5      | Noticed boopmooplesden's ghost (novice MiFi)
  5842 | D:5      | Identified the +5 dagger of the Depths {vamp, rF++ Will+}
  5856 | D:5      | Found a transporter.
  5898 | D:5      | Noticed a yak
  5900 | D:5      | Noticed a shadow
  5917 | D:5      | Reached skill level 6 in Spellcasting
  6374 | D:5      | Found a large runed translucent door.
  6374 | D:5      | Found a large runed translucent door.
  6393 | D:5      | Found a blossoming altar of Fedhas.
  6400 | D:5      | Reached XP level 8. HP: 28/50 MP: 0/0
  6772 | D:5      | Reached skill level 7 in Spellcasting
  7422 | D:5      | Found a staircase to the Ecumenical Temple.
  7666 | Temple   | Entered the Ecumenical Temple
  7678 | Temple   | Became a worshipper of Hepliaklqana the Forgotten
  8248 | D:6      | Reached skill level 8 in Spellcasting
  8283 | D:6      | Noticed Sigmund
  8385 | D:6      | Killed Sigmund
  8386 | D:6      | Reached XP level 9. HP: 50/55 MP: 0/0
  8386 | D:6      | Learned a level 3 spell: Tukima's Dance
  9193 | D:6      | Reached * piety under Hepliaklqana
  9602 | D:7      | Reached skill level 9 in Spellcasting
  9675 | D:8      | Found a snail-covered altar of Cheibriados.
  9675 | D:8      | Found Cheibriados's Comfort Zone.
  9700 | D:8      | Reached skill level 1 in Fighting
  9746 | D:8      | Found a staircase to the Lair.
  9901 | D:8      | HP: 1/76 [killer bee (5)]
  9902 | D:8      | Slain by a killer bee

Illustrated notes

Levels and vault maps discovered:
D:1:      minmay_arrival_stone_box, layout_rooms
D:2:      layout_basic, basic_ecumenical_altar, serial_shops, nicolae_shop_stone
D:3:      layout_basic, mainiacjoe_overflow_big_doors
D:4:      layout_loops_cross, nicolae_dithmenos_through_a_glass_darkly,
          nrook_campfire
D:5:      layout_basic, nicolae_overflow_crystal_walls, temple_hall,
          gammafunk_ghost_arena, minmay_hollow_rounded_squares
D:6:      hellmonk_destroyed_diamonds, layout_basic, minmay_misc_feat_five,
          uniq_sigmund
D:7:      minmay_chambers_of_sevens, layout_basic
D:8:      layout_basic, lair_entry_dummy, minivault_10, minmay_shop_chei,
          grunt_ministairs_10
Temple:   mainiacjoe_temple_coin_purse

Skill      XL: |  1  2  3  4  5  6  7  8  9 |
---------------+----------------------------+-----
Stealth        | 2 |  2.0
Spellcasting   | 3 4 5 6 8 9 |  9.1
Fighting       | 1 |  1.2
Dodging        | 3 |  3.1

Action                   |  1- 3 |  4- 6 |  7- 9 || total
-------------------------+-------+-------+-------++-------
Melee: Unarmed           |       |     1 |       ||     1
       Dagger            |       |       |    24 ||    24
 Cast: Foxfire           |    94 |    55 |   111 ||   260
       Scorch            |     6 |    45 |    33 ||    84
       Conjure Flame     |       |     1 |     2 ||     3
       Slow              |       |     4 |    19 ||    23
  Use: Scroll            |       |     7 |     8 ||    15
       Potion            |       |       |     4 ||     4
 Stab: Sleeping          |       |       |     3 ||     3
Armor: Robe              |     2 |     4 |     9 ||    15
       Skin              |       |       |    25 ||    25
Dodge: Dodged            |     9 |    10 |    45 ||    64
